Map: Frost LE

Players

NORTHAMERICA - Winner!

  • Race: Protoss Protoss
  • League: Master

llllllllllll

  • Race: Protoss Protoss
  • League: Master

VOD

Have the link to the VOD?

Description

Time

  • Played on: Aug. 28, 2016, 1:45 a.m.
  • Length: 10:29
Show
View Real Time Build Order
Export as new Build Order

NORTHAMERICA Protoss - Winner!

Build Orders:  

Get SALT Encoding   

  12  0:02  Probe (Chrono Boost)  
  13  0:12  Probe (Chrono Boost)  
  14  0:18  Pylon  
  14  0:23  Probe (Chrono Boost)  
  15  0:36  Probe (Chrono Boost)  
  15  0:37  Gateway  
  16  0:47  Probe (Chrono Boost)  
  16  0:48  Assimilator  
  17  0:52  Assimilator  
  17  0:57  Probe (Chrono Boost)  
  18  1:08  Probe (Chrono Boost)  
  18  1:09  Gateway  
  20  1:18  Probe (Chrono Boost)  
  20  1:25  Cybernetics Core  
  20  1:29  Probe (Chrono Boost)  
  21  1:36  Pylon  
  21  1:47  Probe (Chrono Boost)  
  22  1:54  Warp Gate  
  22  1:58  Probe (Chrono Boost)  
  22  2:00  Adept  
  23  2:01  Adept  
  27  2:13  Mothership Core (Chrono Boost)  
  29  2:18  Pylon  
  29  2:34  Stalker  
  29  2:36  Stalker  
  33  2:42  Probe (Chrono Boost)  
  34  3:04  Nexus  
  32  3:11  Pylon  
  32  3:15  Probe (Chrono Boost)  
  32  3:17  Sentry  
  38  3:34  Probe (Chrono Boost)  
  38  3:39  Robotics Facility  
  38  3:45  Probe (Chrono Boost)  
  39  3:54  Twilight Council  
  37  3:56  Probe (Chrono Boost)  
  37  3:58  Sentry  
  37  4:00  Adept  
  42  4:06  Probe (Chrono Boost)  
  44  4:17  Probe (Chrono Boost)  
  44  4:18  Probe (Chrono Boost)  
  45  4:26  Resonating Glaives  
  45  4:27  Probe (Chrono Boost)  
  45  4:30  Stalker  
  45  4:31  Stalker  
  50  4:35  Probe (Chrono Boost)  
  50  4:36  Observer  
  50  4:38  Probe (Chrono Boost)  
  53  4:45  Probe (Chrono Boost)  
  54  4:49  Probe (Chrono Boost)  
  54  4:52  Immortal  
  55  4:57  Probe (Chrono Boost)  
  61  5:01  Probe (Chrono Boost)  
  61  5:09  Probe (Chrono Boost)  
  61  5:13  Gateway  
  61  5:14  Gateway  
  62  5:16  Gateway  
  62  5:30  Gateway  
  62  5:37  Gateway  
  62  5:39  Assimilator  
  62  5:46  Pylon  
  62  5:48  Pylon  
  62  5:50  Pylon  
  62  5:57  Assimilator  
  62  5:59  Immortal  
  62  6:05  Probe (Chrono Boost)  
  62  6:06  Probe (Chrono Boost)  
  62  6:08  Adept x2  
  62  6:09  Pylon  
  72  6:15  Adept x3  
  72  6:16  Probe (Chrono Boost)  
  79  6:21  Probe (Chrono Boost)  
  80  6:26  Probe (Chrono Boost)  
  82  6:33  Probe (Chrono Boost)  
  82  6:34  Pylon  
  82  6:37  Probe (Chrono Boost)  
  83  6:41  Robotics Bay  
  83  6:46  Stalker  
  83  6:47  Stalker  
  81  7:03  Probe (Chrono Boost)  
  81  7:06  Blink, Probe (Chrono Boost)  
  81  7:08  Nexus, Pylon  
  83  7:14  Probe (Chrono Boost)  
  84  7:21  Probe (Chrono Boost)  
  84  7:22  Robotics Facility  
  85  7:24  Probe (Chrono Boost)  
  84  7:32  Disruptor  
  84  7:36  Probe x2 (Chrono Boost)  
  89  7:39  Adept x4  
  97  7:52  Probe (Chrono Boost)  
  98  8:00  Probe (Chrono Boost), Pylon  
  98  8:04  Probe (Chrono Boost), Disruptor  
  99  8:08  Forge  
  99  8:09  Disruptor  
  99  8:11  Pylon  
  105  8:16  Probe (Chrono Boost)  
  105  8:27  Adept x3  
  105  8:28  Probe (Chrono Boost)  
  105  8:29  Probe (Chrono Boost)  
  105  8:30  Probe (Chrono Boost)  
  114  8:35  Disruptor  
  114  8:39  Probe (Chrono Boost)  
  120  8:41  Assimilator, Probe (Chrono Boost)  
  120  8:42  Probe (Chrono Boost)  
  120  8:47  Disruptor  
  120  8:48  Assimilator  
  120  8:49  Stalker  
  120  8:50  Stalker  
  126  9:07  Adept x2  
  123  9:14  Probe (Chrono Boost)  
  122  9:19  Adept x5  
  122  9:22  Warp Prism  
  133  9:24  Probe (Chrono Boost)  
  133  9:31  Probe (Chrono Boost)  
  137  9:32  Probe (Chrono Boost)  
  137  9:36  Probe (Chrono Boost)  
  137  9:38  Pylon  
  138  9:40  Pylon  
  134  9:53  Adept x3  
  137  10:16  Adept x2  
  137  10:17  Adept x5  
Show
View Real Time Build Order
Export as new Build Order

llllllllllll Protoss 

Build Orders:  

Get SALT Encoding   

  12  0:00  Probe (Chrono Boost)  
  13  0:11  Probe (Chrono Boost)  
  14  0:18  Pylon  
  14  0:23  Probe (Chrono Boost)  
  15  0:36  Probe (Chrono Boost)  
  15  0:37  Gateway  
  15  0:41  Assimilator  
  16  0:47  Probe (Chrono Boost)  
  17  0:56  Assimilator  
  17  0:57  Probe (Chrono Boost)  
  18  1:05  Gateway  
  18  1:08  Probe (Chrono Boost)  
  20  1:18  Probe (Chrono Boost)  
  20  1:26  Cybernetics Core  
  20  1:29  Probe (Chrono Boost)  
  21  1:36  Pylon  
  21  1:41  Probe (Chrono Boost)  
  22  1:48  Warp Gate  
  22  1:51  Probe (Chrono Boost)  
  23  2:03  Stalker x2  
  27  2:13  Mothership Core (Chrono Boost)  
  29  2:18  Pylon  
  29  2:33  Stalker  
  29  2:36  Sentry  
  32  2:57  Nexus  
  32  3:13  Robotics Facility  
  33  3:20  Probe (Chrono Boost)  
  37  3:34  Gateway  
  37  3:40  Probe (Chrono Boost)  
  34  3:51  Probe (Chrono Boost)  
  35  3:55  Sentry  
  35  3:56  Sentry  
  35  3:59  Pylon  
  39  4:03  Immortal  
  39  4:09  Probe (Chrono Boost)  
  45  4:11  Probe (Chrono Boost)  
  45  4:20  Probe (Chrono Boost)  
  45  4:23  Probe (Chrono Boost)  
  47  4:32  Probe (Chrono Boost)  
  47  4:35  Probe (Chrono Boost)  
  47  4:36  Assimilator  
  47  4:38  Twilight Council  
  49  4:40  Forge  
  49  4:43  Probe (Chrono Boost)  
  50  4:48  Warp Prism  
  50  4:51  Probe (Chrono Boost)  
  53  4:55  Probe (Chrono Boost)  
  54  5:02  Protoss Ground Weapons Level 1  
  54  5:05  Resonating Glaives, Probe (Chrono Boost)  
  55  5:07  Probe (Chrono Boost)  
  55  5:10  Pylon  
  56  5:16  Probe (Chrono Boost)  
  56  5:18  Probe (Chrono Boost)  
  58  5:26  Pylon  
  58  5:27  Probe (Chrono Boost)  
  60  5:28  Probe (Chrono Boost)  
  60  5:29  Adept  
  60  5:33  Adept  
  64  5:36  Adept  
  64  5:39  Probe (Chrono Boost)  
  67  5:45  Probe (Chrono Boost)  
  68  5:50  Immortal  
  68  5:51  Probe (Chrono Boost)  
  68  5:54  Pylon  
  68  5:56  Assimilator  
  73  6:00  Sentry  
  73  6:03  Probe (Chrono Boost)  
  73  6:04  Probe (Chrono Boost)  
  77  6:08  Pylon  
  77  6:23  Gateway  
  77  6:25  Gateway  
  77  6:33  Gateway  
  77  6:34  Gateway  
  77  6:36  Immortal  
  77  6:38  Pylon  
  81  6:40  Adept  
  81  6:42  Adept  
  81  6:44  Protoss Ground Weapons Level 2  
  83  7:08  Adept x2  
  85  7:13  Adept  
  89  7:15  Nexus  
  89  7:22  Pylon  
  89  7:26  Templar Archives  
  89  7:33  Adept x3  
  95  7:43  Pylon  
  95  7:44  Immortal  
  97  7:53  Adept x2  
  97  7:58  Probe x2 (Chrono Boost)  
  103  8:03  High Templar  
  103  8:04  High Templar x3  
  111  8:09  Archon  
  111  8:10  Probe (Chrono Boost), Archon  
  111  8:14  Adept, Probe (Chrono Boost)  
  113  8:22  Probe (Chrono Boost)  
  114  8:28  High Templar x2  
  114  8:29  Probe (Chrono Boost)  
  114  8:30  Assimilator  
  114  8:31  Probe (Chrono Boost)  
  114  8:32  Photon Cannon  
  114  8:33  Photon Cannon, Immortal  
  120  8:41  Archon  
  124  8:43  Probe (Chrono Boost)  
  124  8:44  Probe x2 (Chrono Boost)  
  124  8:45  Assimilator  
  123  9:16  Adept x3  
  123  9:17  Adept x4  
  125  9:20  Probe x2 (Chrono Boost)  
  125  9:23  Gateway  
  125  9:24  Gateway  
  133  9:29  Pylon  
  133  9:33  Pylon  
  133  9:35  Pylon x2  
  133  9:46  Robotics Bay  
  133  9:47  Probe (Chrono Boost)  
  133  9:48  Pylon x2  
  133  9:49  Probe (Chrono Boost)  
  91  10:07  High Templar x2  
  91  10:08  High Templar x2  
  91  10:10  Probe x2 (Chrono Boost)  
  91  10:12  Adept x3  
  93  10:21  Archon  
  93  10:25  Archon  
Tags
 
Matchup
PvP
Add a new tag
Caveats
  • Supply blocks, unpowered buildings, or Contaminate may cause inaccurate times.
  • Supply counts are checked every 10 seconds.